Map: Cerulean Fall LE

Players

Chris

  • Race: Terran Terran
  • League: Gold
  • Spawn Location: 1:00

middleman - Winner!

  • Race: Zerg Zerg
  • League: Gold
  • Spawn Location: 7:00

VOD

Have the link to the VOD?

Description

Time

  • Played on: Oct. 20, 2018, 5:36 p.m.
  • Length: 19:14
Show
View Real Time Build Order
Export as new Build Order

Chris Terran 

Build Orders: Liberator Opening 

Get SALT Encoding   

  12  0:09  SCV  
  13  0:21  SCV  
  13  0:25  Supply Depot  
  14  0:34  SCV  
  15  0:47  Barracks  
  15  0:48  SCV  
  16  0:51  Refinery  
  16  1:01  SCV  
  17  1:13  Refinery, SCV  
  18  1:26  SCV  
  19  1:36  Barracks Reactor  
  19  1:38  SCV  
  19  1:39  Supply Depot  
  20  1:50  SCV  
  21  2:02  SCV  
  21  2:06  Factory  
  22  2:15  SCV  
  23  2:30  Reaper x2  
  25  2:37  SCV  
  26  2:49  SCV  
  27  2:52  Factory Tech Lab  
  27  2:53  Engineering Bay  
  27  3:05  Reaper  
  27  3:06  Command Center, Reaper  
  27  3:09  Starport  
  29  3:13  Supply Depot  
  29  3:19  SCV  
  25  3:51  Liberator  
  25  3:54  Siege Tank  
  25  3:55  Marine x2  
  28  4:09  Command Center  
  31  4:27  Command Center  
  31  4:31  Starport  
  31  4:39  Siege Tank  
  34  4:52  Liberator  
  34  4:58  Marine x2  
  36  5:01  Starport Reactor  
  39  5:24  SCV  
  40  5:40  SCV  
  40  5:41  SCV  
  42  5:49  Liberator  
  42  5:54  Orbital Command  
  42  5:55  Orbital Command  
  39  6:00  Marine x2  
  39  6:01  Siege Tank  
  44  6:05  Starport Reactor  
  44  6:10  Refinery  
  44  6:39  Siege Tank  
  47  6:40  Marine x2  
  47  6:41  SCV  
  47  6:42  SCV  
  51  6:53  Refinery, SCV x2  
  53  6:54  SCV  
  54  7:06  Medivac x2  
  58  7:09  Marine x2  
  58  7:13  Supply Depot  
  58  7:15  Supply Depot  
  60  7:18  SCV  
  60  7:20  Barracks  
  60  7:21  Barracks  
  60  7:22  SCV  
  62  7:46  Orbital Command  
  62  7:51  Marine x2  
  62  7:53  Siege Tank  
  62  7:55  Viking x2  
  62  7:57  Medivac  
  67  8:00  Medivac  
  69  8:09  Terran Infantry Weapons Level 1  
  69  8:12  Barracks Tech Lab x2  
  69  8:13  Marine  
  58  8:27  Marine  
  58  8:31  Marine  
  60  8:37  SCV  
  60  8:38  SCV  
  60  8:39  SCV  
  66  8:41  Siege Tank  
  66  8:49  Marauder x2  
  66  8:51  SCV  
  66  8:54  Marine x2  
  73  9:10  SCV  
  73  9:11  SCV  
  73  9:13  Siege Tank  
  73  9:16  SCV  
  79  9:22  SCV  
  79  9:23  SCV  
  81  9:28  SCV  
  82  9:34  Armory  
  82  9:38  Liberator  
  82  9:44  Starport, Factory x2  
  82  9:53  Medivac x2  
  89  10:02  Viking  
  89  10:05  Widow Mine  
  87  10:26  Widow Mine  
  89  10:33  Sensor Tower  
  89  10:34  Terran Vehicle Weapons Level 1  
  89  10:41  Marauder, Marine  
  89  10:42  Marauder, Marine  
  95  10:44  Factory Reactor  
  95  10:45  Refinery  
  95  10:49  Sensor Tower  
  95  10:51  Starport Tech Lab  
  95  10:53  Factory Tech Lab  
  95  10:59  Marine x2  
  95  11:02  Marine, Fusion Core  
  95  11:03  Marauder  
  100  11:09  Viking  
  102  11:17  Marine x2  
  101  11:20  Marine  
  95  11:42  Viking x4  
  102  11:54  Thor  
  108  12:11  Armory  
  108  12:13  Engineering Bay  
  108  12:15  SCV  
  109  12:16  Armory  
  109  12:19  Supply Depot  
  109  12:21  Supply Depot  
  109  12:27  Refinery  
  109  12:40  Marine x2  
  109  12:41  Marauder x2, SCV x2  
  109  12:42  Thor  
  109  12:43  Supply Depot  
  123  12:45  Supply Depot  
  123  12:56  Siege Tank  
  123  12:58  Marine x2  
  128  13:10  Missile Turret  
  128  13:13  Missile Turret  
  128  13:14  Marauder x2  
  128  13:16  Marine x2  
  128  13:19  Widow Mine x2  
  138  13:25  Thor  
  144  13:33  Command Center, Missile Turret  
  144  13:34  Marine x2  
  144  13:37  Missile Turret  
  146  13:56  Missile Turret  
  146  13:59  Missile Turret  
  146  14:16  Hellbat  
  148  14:25  Hellbat  
  148  14:27  Thor  
  148  14:29  Thor  
  100  14:41  Marine x2, Marauder x2  
  87  14:47  Orbital Command  
  80  14:59  Marine x2  
  82  15:03  Terran Vehicle Weapons Level 2, Terran Vehicle And Ship Armor Level 1  
  82  15:04  Terran Ship Weapons Level 1  
  82  15:05  Terran Infantry Weapons Level 2  
  82  15:06  Terran Infantry Armor Level 1  
  82  15:10  Thor  
  82  15:12  Thor  
  82  15:13  Refinery  
  94  15:14  SCV  
  94  15:15  SCV  
  94  15:16  SCV  
  94  15:18  SCV  
  98  15:28  SCV  
  98  15:30  SCV  
  100  15:38  SCV  
  100  15:39  SCV  
  100  15:41  SCV  
  103  15:45  SCV  
  103  15:47  Marine x2  
  103  15:48  Refinery  
  103  15:49  Marauder x2  
  110  15:53  Hellbat x2  
  110  15:55  Viking  
  110  15:56  Viking  
  110  15:57  SCV  
  119  16:04  Marine x2  
  119  16:06  SCV  
  119  16:07  SCV  
  124  16:11  SCV  
  124  16:12  SCV  
  125  16:35  Thor  
  125  16:36  Thor, Sensor Tower  
  125  16:37  Hellbat  
  125  16:38  Marine x2, Hellbat, Marauder x2  
  147  16:44  Medivac x3  
  147  16:45  Medivac  
  156  16:56  Marine x2  
  102  17:08  Marauder  
  102  17:09  Marauder  
  102  17:14  Marine x2  
  108  17:19  Siege Tank  
  112  17:30  Marauder x2  
  112  17:32  Marine x2  
  99  17:49  Marine  
  99  17:50  Marine  
  96  17:51  Marauder x2  
  88  18:07  Marine x2  
  81  18:13  Marauder x2  
  78  18:25  Marine x2  
  78  18:33  Marine  
  78  18:34  Marine  
Show
View Real Time Build Order
Export as new Build Order

middleman Zerg - Winner!

Build Orders: Hatch First, Muta Ling Bane 

Get SALT Encoding   

  12  0:02  Drone  
  13  0:13  Overlord  
  13  0:24  Drone  
  14  0:35  Drone  
  14  0:36  Drone  
  14  0:38  Drone  
  17  0:57  Hatchery  
  17  1:00  Drone  
  17  1:02  Drone  
  18  1:05  Extractor  
  17  1:20  Spawning Pool  
  17  1:24  Drone  
  17  1:30  Drone  
  17  1:32  Drone  
  19  1:42  Drone  
  20  1:53  Overlord  
  20  2:07  Metabolic Boost  
  20  2:09  Queen  
  20  2:10  Queen  
  20  2:15  Drone  
  25  2:19  Drone x2  
  27  2:23  Zergling x2  
  29  2:30  Zergling x2  
  29  2:32  Zergling x2  
  30  2:47  Zergling x2  
  30  2:49  Zergling x2  
  30  2:50  Drone  
  33  2:54  Overlord  
  33  2:57  Drone  
  34  3:08  Drone x2  
  36  3:25  Hatchery  
  35  3:27  Drone x3  
  35  3:28  Drone x5  
  39  4:03  Drone  
  39  4:04  Drone x3  
  43  4:18  Lair  
  43  4:25  Drone  
  43  4:26  Overlord x2  
  43  4:27  Overlord x2  
  43  4:28  Overlord  
  44  4:36  Queen  
  44  4:38  Queen  
  45  4:53  Baneling Nest  
  45  4:59  Zergling x2  
  46  5:00  Zergling x16  
  46  5:06  Extractor  
  52  5:35  Baneling Nest  
  48  5:53  Spore Crawler  
  48  5:56  Drone x4  
  48  5:57  Drone x2  
  53  6:07  Zergling x4  
  53  6:08  Zergling x12  
  53  6:11  Centrifical Hooks  
  61  6:20  Overlord  
  61  6:23  Spore Crawler  
  60  6:32  Spore Crawler  
  55  6:36  Baneling  
  55  6:37  Baneling x5  
  52  6:45  Zergling x10  
  52  6:46  Zergling x14  
  52  6:47  Zergling x2  
  65  6:52  Spire  
  65  6:53  Zergling x4  
  66  7:09  Baneling x2  
  66  7:10  Baneling x7  
  66  7:15  Extractor  
  66  7:17  Extractor  
  66  7:18  Drone x7  
  66  7:19  Drone, Overlord x3  
  72  7:38  Baneling x5  
  61  8:05  Queen  
  63  8:08  Drone x3  
  63  8:09  Drone x4  
  48  8:31  Mutalisk  
  46  8:40  Extractor  
  45  8:54  Mutalisk x2  
  49  8:56  Zergling x10  
  49  8:57  Zergling x24  
  66  9:11  Drone  
  66  9:12  Drone x6  
  73  9:52  Mutalisk x6  
  66  10:16  Mutalisk x2  
  66  10:19  Hydralisk Den  
  66  10:20  Drone x4  
  66  10:21  Drone x6  
  76  10:22  Drone x5  
  84  10:38  Mutalisk x2  
  84  10:39  Mutalisk  
  84  10:40  Zergling x4  
  84  10:41  Zergling x10  
  97  10:57  Mutalisk x3  
  99  11:19  Hatchery  
  99  11:24  Zergling x2  
  99  11:25  Zergling x24  
  107  11:50  Zergling x16  
  109  12:04  Zergling x6  
  109  12:05  Zergling x4  
  114  12:16  Overlord x3  
  114  12:29  Evolution Chamber  
  113  12:32  Queen  
  113  12:34  Evolution Chamber  
  113  12:35  Drone x6  
  113  12:36  Drone x8  
  128  12:54  Hydralisk x7  
  142  13:05  Baneling x5  
  142  13:06  Baneling x3  
  142  13:10  Overlord x2  
  142  13:11  Overlord x4  
  142  13:54  Infestation Pit  
  141  13:56  Hydralisk x4  
  141  13:57  Zergling x6, Overlord x2  
  141  13:58  Mutalisk x2, Overlord  
  141  13:59  Mutalisk x5  
  166  14:07  Pneumatized Carapace  
  124  14:31  Zergling x2  
  124  14:32  Zergling x26  
  124  14:33  Zergling x28  
  131  14:58  Zergling x18  
  131  14:59  Zergling x2  
  141  15:02  Zerg Missile Weapons Level 1, Zerg Ground Armor Level 1  
  141  15:04  Zergling x2  
  142  15:21  Baneling x8  
  142  15:22  Baneling x7  
  142  15:23  Baneling  
  142  15:25  Hydralisk x13  
  168  15:36  Overseer x2  
  168  15:44  Swarm Host  
  168  15:45  Swarm Host x6  
  183  16:30  Hydralisk x6  
  183  16:31  Hydralisk x2  
  131  18:04  Hydralisk x4  
  131  18:05  Hydralisk x13  
  131  18:06  Hydralisk x14  
Tags
 
Add a new tag
Caveats
  • Supply blocks, unpowered buildings, or Contaminate may cause inaccurate times.
  • Supply counts are checked every 10 seconds.